 Dungeon Crawl Stone Soup version 0.28.0-47-ge53b351184 (webtiles) character file.

Game seed: 13272321565644042429

353 DearestLeader the Shield-Bearer (level 6, 0/53 HPs)
             Began as a Gnoll Fighter on Apr 25, 2022.
             Slain by an orc
             ... wielding a +0 trident
              (6 damage)
             ... on level 4 of the Dungeon.
             The game lasted 00:02:30 (2788 turns).

DearestLeader the Shield-Bearer (Gnoll Fighter)     Turns: 2788, Time: 00:02:30

Health: 0/53       AC:  7    Str: 18    XL:     6   Next: 62%
Magic:  9/9        EV: 10    Int:  7    God:
Gold:   134        SH:  5    Dex: 11    Spells: 9/9 levels left

rFire   . . .      SeeInvis .   a - +0 war axe
rCold   . . .      Faith    .   c - +0 buckler
rNeg    . . .      Spirit   .   b - +0 scale mail
rPois   .          Reflect  .   (no helmet)
rElec   .          Harm     .   (no cloak)
rCorr   .          Rampage  .   (no gloves)
Will    .....                   (no boots)
Stlth   ..........              (no amulet)
HPRegen 0.17/turn               (no ring)
MPRegen 0.11/turn               (no ring)

@: no status effects
A: fangs 1, strong nose, distributed training
a: no special abilities


You were on level 4 of the Dungeon.
You visited 1 branch of the dungeon, and saw 5 of its levels.

You collected 134 gold pieces.

Inventory:

Hand Weapons
 a - a +0 war axe (weapon)
Missiles
 e - 33 stones (quivered)
Armour
 b - a +0 scale mail (worn)
 c - a +0 buckler (worn)
Jewellery
 p - a ring of protection from cold
Wands
 q - a wand of digging (4)
Scrolls
 f - 2 scrolls of identify {unknown}
 i - a scroll of blinking {unknown}
 n - 2 scrolls of noise {unknown}
 o - a scroll of teleportation {unknown}
 r - a scroll of immolation {unknown}
Potions
 d - a potion of might
 g - a potion of heal wounds {unknown}
 h - a potion of curing {unknown}
 j - a potion of invisibility {unknown}
 k - a potion of mutation {unknown}
 l - a potion of attraction {unknown}
 m - a potion of haste {unknown}


   Skills:
 + Level 6.8 Fighting
 + Level 2.0 Short Blades
 + Level 2.0 Long Blades
 + Level 5.0 Axes
 + Level 2.0 Maces & Flails
 + Level 2.0 Polearms
 + Level 2.0 Staves
 + Level 2.0 Slings
 + Level 2.0 Bows
 + Level 2.0 Crossbows
 + Level 2.0 Throwing
 + Level 6.8 Armour
 + Level 2.0 Dodging
 + Level 2.0 Stealth
 + Level 6.8 Shields
 + Level 2.0 Unarmed Combat
 + Level 2.0 Spellcasting
 + Level 1.6 Conjurations
 + Level 1.6 Hexes
 + Level 1.6 Summonings
 + Level 1.6 Necromancy
 + Level 1.6 Translocations
 + Level 1.6 Transmutations
 + Level 1.6 Fire Magic
 + Level 1.6 Ice Magic
 + Level 1.6 Air Magic
 + Level 1.6 Earth Magic
 + Level 1.6 Poison Magic
 + Level 2.2 Invocations
 + Level 2.0 Evocations


You had 9 spell levels left.
You didn't know any spells.
Your spell library was empty.

Dungeon Overview and Level Annotations

Branches:
Dungeon (5/15)
 Temple: D:4-7

Altars:

Shops:
D:2 :


Innate Abilities, Weirdness & Mutations

You have very sharp teeth.
Your uncanny sense of smell can sniff out nearby items.
Your experience applies equally to all skills.


Message History

You barely miss the orc.
The orc priest calls down the wrath of Beogh upon you.
Beogh smites you! The orc barely misses you. You block the orc's attack.
You slash the orc priest!
You kill the orc priest!
You closely miss the orc.
Unknown command.
You hit the orc.
The orc is moderately wounded.
The orc hits you with a +1 short sword of freezing.
The orc freezes you.
You closely miss the orc. You barely miss the orc. You block the orc's attack.
The orc closely misses you. The orc barely misses you.
You barely miss the orc. You hit the orc but do no damage.
The orc hits you with a +0 short sword.
* * * LOW HITPOINT WARNING * * *
The orc hits you from afar with a +0 trident.
* * * LOW HITPOINT WARNING * * *
You block the orc's attack.
Unknown command.
You barely miss the orc. You hit the orc.
The orc hits you with a +0 short sword.
* * * LOW HITPOINT WARNING * * *
The orc closely misses you. You block the orc's attack.
The orc barely misses you. The orc hits you but does no damage. x2
You hit the orc but do no damage. Your bite misses the orc. You slash the orc!
You kill the orc!
The orc hits you but does no damage. x2
You barely miss the orc. The orc hits you with a +0 short sword.
* * * LOW HITPOINT WARNING * * *
The orc misses you.
You slash the orc!
You kill the orc!
The orc hits you but does no damage. You block the orc's attack.
Found 2 glowing black potions.
The orc hits you with a +0 trident.
* * * LOW HITPOINT WARNING * * *
Things that are here:
a +0 short sword; 13 gold pieces You closely miss the orc.
The orc hits you with a +0 trident.
You die...

#.## ##.## #.# ##.>.##
#.###.....## #
#..........# ###.#
#......
#.###.......#####$....
#.#.... #.#
#.................
....... #.#
#.........#.....!.
#..... .#
#.........#.......
.#..... #
####.....)@o......
#......
#..............
#......
##............. #.....
#.....#....... #.....
∆.......#.......
#.....
........##......
##.... ........#
...... #.... .......
#..... ##... #...


You could see an orc.

Vanquished Creatures
  Sigmund (D:3)
  A scorpion (D:4)
  An orc priest (D:4)
  Jessica (D:2)
  2 adders (D:2)
  2 worms
  4 orcs
  5 bats
  7 endoplasms
  2 giant cockroaches (D:3)
  2 hobgoblins (D:1)
  4 jackals (D:1)
  3 quokkas
  7 ball pythons
  2 frilled lizards
  5 goblins
  7 kobolds
  3 rats
59 creatures vanquished.

Vanquished Creatures (others)
  A plant (D:1)
1 creature vanquished.

Grand Total: 60 creatures vanquished

Notes
Turn   | Place    | Note
-------+----------+-------------------------------------------
     0 | D:1      | DearestLeader the Gnoll Fighter began the quest for the
                  | Orb.
     0 | D:1      | Reached XP level 1. HP: 23/23 MP: 1/1
    34 | D:1      | Reached XP level 2. HP: 22/29 MP: 2/2
   324 | D:1      | Reached XP level 3. HP: 35/35 MP: 3/3
   669 | D:2      | Found Xuff's Book Shoppe.
   699 | D:2      | Reached skill level 1 in Invocations
  1045 | D:2      | Reached skill level 1 in Short Blades
  1045 | D:2      | Reached skill level 1 in Long Blades
  1045 | D:2      | Reached skill level 1 in Maces & Flails
  1045 | D:2      | Reached skill level 1 in Polearms
  1045 | D:2      | Reached skill level 1 in Staves
  1045 | D:2      | Reached skill level 1 in Slings
  1045 | D:2      | Reached skill level 1 in Bows
  1045 | D:2      | Reached skill level 1 in Crossbows
  1045 | D:2      | Reached skill level 1 in Throwing
  1045 | D:2      | Reached skill level 1 in Dodging
  1045 | D:2      | Reached skill level 1 in Stealth
  1045 | D:2      | Reached skill level 1 in Unarmed Combat
  1045 | D:2      | Reached skill level 1 in Spellcasting
  1045 | D:2      | Reached skill level 1 in Evocations
  1234 | D:2      | Noticed Jessica
  1241 | D:2      | Killed Jessica
  1242 | D:2      | Reached XP level 4. HP: 38/41 MP: 5/5
  1600 | D:3      | You fall into a shaft and drop 2 floors!
  1600 | D:5      | Entered Level 5 of the Dungeon
  1608 | D:5      | Reached skill level 1 in Conjurations
  1608 | D:5      | Reached skill level 1 in Hexes
  1608 | D:5      | Reached skill level 1 in Summonings
  1608 | D:5      | Reached skill level 1 in Necromancy
  1608 | D:5      | Reached skill level 1 in Translocations
  1608 | D:5      | Reached skill level 1 in Transmutations
  1608 | D:5      | Reached skill level 1 in Fire Magic
  1608 | D:5      | Reached skill level 1 in Ice Magic
  1608 | D:5      | Reached skill level 1 in Air Magic
  1608 | D:5      | Reached skill level 1 in Earth Magic
  1608 | D:5      | Reached skill level 1 in Poison Magic
  1722 | D:3      | Noticed Sigmund
  1740 | D:3      | Killed Sigmund
  1741 | D:3      | Reached XP level 5. HP: 9/47 MP: 5/7
  1741 | D:3      | Reached XP level 6. HP: 10/53 MP: 5/8
  2334 | D:4      | Reached skill level 5 in Axes
  2788 | D:4      | Slain by an orc

Illustrated notes

Levels and vault maps discovered:
D:1:      zaba_arrival_water, layout_rooms, serial_bayou_pond_c
D:2:      layout_basic, serial_shops, nicolae_shop_crystal, uniq_jessica
D:3:      layout_rooms, uniq_sigmund
D:4:      layout_cave_pods, serial_shops, nicolae_shop_bloodbath_and_beyond
D:5:      layout_cave_pools, gammafunk_ghost_arena, serial_shops,
          kennysheep_little_box, hangedman_abyss_or_decor_lesser_grid

Skill      XL: |  1  2  3  4  5  6 |
---------------+-------------------+-----
Invocations    | 1 2 |  2.2
Short Blades   | 1 2 |  2.0
Long Blades    | 1 2 |  2.0
Maces & Flails | 1 2 |  2.0
Polearms       | 1 2 |  2.0
Staves         | 1 2 |  2.0
Slings         | 1 2 |  2.0
Bows           | 1 2 |  2.0
Crossbows      | 1 2 |  2.0
Throwing       | 1 2 |  2.0
Dodging        | 1 2 |  2.0
Stealth        | 1 2 |  2.0
Unarmed Combat | 1 2 |  2.0
Spellcasting   | 1 2 |  2.0
Evocations     | 1 2 |  2.0
Conjurations   | 1 |  1.6
Hexes          | 1 |  1.6
Summonings     | 1 |  1.6
Necromancy     | 1 |  1.6
Translocations | 1 |  1.6
Transmutations | 1 |  1.6
Fire Magic     | 1 |  1.6
Ice Magic      | 1 |  1.6
Air Magic      | 1 |  1.6
Earth Magic    | 1 |  1.6
Poison Magic   | 1 |  1.6
Axes           | 5 |  5.0
Fighting       | |  6.8
Armour         | |  6.8
Shields        | |  6.8

Action                   |  1- 3 |  4- 6 || total
-------------------------+-------+-------++-------
Melee: War axe           |    82 |    71 ||   153
       Bite              |     8 |    11 ||    19
  Use: Potion            |       |     1 ||     1
Armor: Scale mail        |    39 |    26 ||    65
Dodge: Dodged            |    55 |    27 ||    82
Block: Buckler           |    27 |    21 ||    48
